 Dungeon Crawl Stone Soup version 0.32-a0-933-ga8fa3634e4 (webtiles) character file.

Game seed: 10565075685899499263

2701 Heh the Carver (level 9, -1/71 HPs)
             Began as a Coglin Warper on Apr 14, 2024.
             Was a Follower of Beogh.
             Killed from afar by a steam dragon (15 damage)
             ... with a ball of steam
             ... on level 8 of the Dungeon.
             The game lasted 00:10:38 (7101 turns).

Heh the Carver (Coglin Warper)                      Turns: 7101, Time: 00:10:39

Health: -1/71      AC:  8    Str: 11    XL:     9   Next: 65%
Magic:  11/11      EV: 12    Int: 13    God:    Beogh [*.....]
Gold:   286        SH:  0    Dex: 18    Spells: 11/11 levels left

rFire   . . .        a - +0 falchion {Zulima}
rCold   . . .        E - +1 scimitar {Zarja}
rNeg    . . .        i - +0 ring mail
rPois   .            (no helmet)
rElec   .            r - +2 cloak
rCorr   .            (no gloves)
SInv    .            (no boots)
Will    .....        (amulet unavailable)
Stlth   +            (ring unavailable)
HPRegen 0.31/turn    (ring unavailable)
MPRegen 0.12/turn    (no gizmo)

%: no passive effects
@: revving
A: off-hand wielding, slow wielding, warmup strikes, no jewellery
a: Invent Gizmo, Renounce Religion


You were on level 8 of the Dungeon.
You worshipped Beogh.
Beogh was aware of your devotion.
You visited 1 branch of the dungeon, and saw 8 of its levels.

You collected 286 gold pieces.

Inventory:

Hand Weapons
 a - a +0 falchion (weapon) {Zulima}
 e - a +0 dagger {Charoen}
 f - a +0 whip of freezing
 g - a +0 short sword {Somchit}
 A - a +2 heavy flail
 E - a +1 scimitar (offhand) {Zarja}
 G - a +2 dagger of draining
Missiles
 d - 2 darts of dispersal (quivered)
 t - 10 poisoned darts
Armour
 b - a +0 leather armour
 i - a +0 ring mail (worn)
 r - a +2 cloak (worn)
 v - a +0 ring mail
 C - a +0 scale mail
 H - +0 steam dragon scales
Magical Staves
 w - a staff of alchemy
Wands
 h - a wand of digging (11)
 x - a wand of flame (6)
Scrolls
 k - a scroll of poison
 m - a scroll of fear
 n - a scroll of butterflies
 o - a scroll of noise
 p - a scroll of brand weapon
 s - a scroll of torment
 y - 3 scrolls of enchant weapon
 B - 2 scrolls of teleportation
Potions
 c - a potion of degeneration
 j - 2 potions of brilliance
 l - a potion of heal wounds
 q - a potion of might
 u - a potion of curing
 z - 4 potions of attraction
 D - a potion of ambrosia
 F - a potion of enlightenment


   Skills:
 + Level 6.7 Fighting
 * Level 9.4 Long Blades
 - Level 0.8 Throwing
 - Level 0.8 Armour
 + Level 6.1 Dodging
 - Level 1.7 Spellcasting
 - Level 3.0 Translocations


You had 11 spell levels left.
You didn't know any spells.
Your spell library contained the following spells:

 Spells                   Type           Power      Damage    Failure   Level
 Apportation              Tloc           16%        N/A       19%         1
 Blink                    Tloc           16%        N/A       28%         2
 Lesser Beckoning         Tloc           16%        N/A       28%         2
 Maxwell's Portable Pile  Tloc           8%         2d(6-16)  50%         3
 Teleport Other           Tloc           8%         N/A       50%         3
 Magic Dart               Conj           4%         1d3       54%         1
 Necrotise                Necr           4%         1d4       54%         1
 Sting                    Conj/Alch      4%         1d3       54%         1
 Summon Small Mammal      Summ           4%         N/A       54%         1
 Searing Ray              Conj           2%         2d4       67%         2
 Summon Ice Beast         Ice/Summ       1%         N/A       88%         3
 Vhi's Electric Charge    Tloc/Air       10%        N/A       98%         4
 Fulminant Prism          Conj/Alch      0%         3d5       99%         4
 Summon Mana Viper        Hex/Summ       1%         N/A       100%        5
 Monstrous Menagerie      Summ           0%         N/A       100%        7


Dungeon Overview and Level Annotations

Branches:
Dungeon (8/15)             Temple (0/1) D:5
   Lair: D:8-11

Altars:
Kikubaaqudgha
Okawaru
Zin

Portals:
Abyss: D:7

Annotations:
D:7 Stellion's ghost, novice MDFi


Innate Abilities, Weirdness & Mutations

You can wield a second weapon in your off-hand.
It takes a long time for you to wield or remove held weapons.
Your first few attacks do less damage.
You cannot equip rings or amulets.


Message History

The steam dragon bites you but does no damage.
The steam dragon claws you but does no damage.
You hit the steam dragon with your +1 scimitar.
The steam dragon is heavily wounded.
You hit the steam dragon with your +0 falchion.
You hear the steady creaking of a portcullis nearby.
The steam dragon bites you but does no damage.
The steam dragon barely misses you.
You hit the steam dragon with your +0 falchion.
The steam dragon is heavily wounded.
You hit the steam dragon but do no damage.
The steam dragon bites you.
* * * LOW HITPOINT WARNING * * *
The steam dragon claws you but does no damage.
You hit the steam dragon with your +1 scimitar.
The steam dragon is severely wounded.
You hit the steam dragon with your +0 falchion.
You hit the steam dragon but do no damage.
The steam dragon is almost dead.
You hit the steam dragon with your +1 scimitar.
You kill the steam dragon!
Beogh accepts your kill.
The steam dragon scales are intact enough to wear.
Things that are here:
+0 steam dragon scales; a steam dragon corpse H - +0 steam dragon scales A steam dragon comes into view.
The steam dragon hisses angrily.
A steam dragon is nearby!
Okay, then.
You start resting.
A steam dragon is nearby!
The steam dragon bites you.
* * * LOW HITPOINT WARNING * * *
The steam dragon claws you but does no damage.
You closely miss the steam dragon with your +1 scimitar.
You hit the steam dragon with your +0 falchion.
The steam dragon breathes steam at you. The ball of steam hits you!
You die...

####.....##.#
#..))#.#
#....###.##.#
#......#
.........##.#
#####.#### .....#.
##.######...#..#
.....#
#........#.##.###.###
######
#.######.#...†......#
#
###~≈~~#####..#.###.#
# #...D.~~≈##.##.# #
#....#@..~~#.# .# #
≈.....##....~#.# .. #
#≈≈≈≈# #.....#.######
# #####
##...##......#.#
##.####.......#
#.#..†###........
#.......†........
#####.).#......[.
#)))#######.#


You could see a steam dragon (catching breath).

Vanquished Creatures
  Pikel (D:4)
  A hornet (D:6)
  Menkaure (D:4)
  2 steam dragons (D:8)
  A water moccasin (D:6)
  3 orc warriors
  A black bear (D:8)
  An ogre (D:6)
  3 lemures (D:4)
  A phantom (D:6)
  A kobold brigand (D:8)
  4 scorpions
  A howler monkey (D:5)
  3 bombardier beetles
  2 hounds
  4 orc priests
  2 gnoll boudas
  4 iguanas
  4 orc wizards
  8 gnolls
  9 adders
  A shadow imp (D:6)
  A white imp (D:6)
  An ufetubus (D:5)
  2 ribbon worms
  9 orcs
  5 endoplasms
  6 giant cockroaches
  4 goblins
  3 hobgoblins
  10 jackals
  5 kobolds
  2 quokkas
  5 ball pythons
  2 bats
  3 frilled lizards
  3 rats
119 creatures vanquished.

Vanquished Creatures (others)
  A water moccasin (D:7)
  An orc (D:8)
  5 kobolds (D:8)
7 creatures vanquished.

Grand Total: 126 creatures vanquished

Notes
Turn   | Place    | Note
-------+----------+-------------------------------------------
     0 | D:1      | Heh the Coglin Warper began the quest for the Orb.
     0 | D:1      | Reached XP level 1. HP: 16/16 MP: 3/3
   180 | D:1      | Reached XP level 2. HP: 22/22 MP: 4/4
   409 | D:1      | You fall into a shaft and drop 1 floor!
   507 | D:2      | Reached XP level 3. HP: 27/28 MP: 5/5
   702 | D:2      | Reached skill level 3 in Long Blades
  1185 | D:2      | Reached XP level 4. HP: 31/34 MP: 6/6
  1658 | D:3      | Reached XP level 5. HP: 41/41 MP: 7/7
  2215 | D:4      | Noticed a lemure
  2218 | D:4      | Noticed a lemure
  2219 | D:4      | Noticed Pikel
  2221 | D:4      | Noticed a lemure
  2225 | D:4      | Noticed a lemure
  2234 | D:4      | Killed a lemure
  2248 | D:4      | Killed a lemure
  2256 | D:4      | Killed a lemure
  2278 | D:4      | Killed Pikel
  2279 | D:4      | Reached skill level 5 in Long Blades
  2279 | D:4      | Reached XP level 6. HP: 8/48 MP: 8/8
  2279 | D:4      | Reached XP level 7. HP: 9/54 MP: 9/9
  2596 | D:4      | Noticed Menkaure
  2606 | D:4      | Killed Menkaure
  2607 | D:4      | Reached skill level 6 in Long Blades
  2992 | D:4      | Found a glowing silver altar of Zin.
  3378 | D:4      | Reached XP level 8. HP: 11/61 MP: 10/10
  3379 | D:4      | HP: 1/61 [iguana (11)]
  3668 | D:5      | Entered Level 5 of the Dungeon
  3683 | D:5      | Became a worshipper of Beogh the Shepherd
  3974 | D:5      | Reached skill level 5 in Fighting
  4170 | D:5      | Found an iron altar of Okawaru.
  4473 | D:5      | Found a staircase to the Ecumenical Temple.
  4511 | D:5      | Reached skill level 7 in Long Blades
  5160 | D:6      | Reached skill level 5 in Dodging
  5338 | D:6      | Reached skill level 8 in Long Blades
  5340 | D:6      | Reached XP level 9. HP: 37/69 MP: 11/11
  5489 | D:6      | Found an ancient bone altar of Kikubaaqudgha.
  5715 | D:6      | Noticed a hornet
  5732 | D:6      | Paralysed by a hornet for 2 turns
  5739 | D:6      | Killed a hornet
  6642 | D:7      | Found a one-way gate to the infinite horrors of the Abyss.
  6642 | D:7      | Noticed Stellion's ghost (novice MDFi)
  6688 | D:7      | Reached * piety under Beogh
  6729 | D:8      | HP: 3/70 [gnoll/+0 flail[a gnoll bouda] (9)]
  7000 | D:8      | Reached skill level 9 in Long Blades
  7101 | D:8      | Killed from afar by a steam dragon

Illustrated notes

Levels and vault maps discovered:
D:1:      minmay_arrival_five_plusses, layout_rooms, roderic_serpentine_path
D:2:      layout_basic
D:3:      layout_loops_corners, nicolae_houndstooth_variations
D:4:      layout_loops_corners, kennysheep_mini, uniq_menkaure, uniq_pikel
D:5:      layout_basic, mainiacjoe_overflow_cross_hatched,
          minmay_temple_entry_overgrown, corexii_hall_statues_s, st_stairs_13
D:6:      layout_loops_corners, mainiacjoe_overflow_concentric_impassable,
          minmay_fractal_squares_gapless_5
D:7:      layout_basic, gammafunk_ghost_abyssal_escape, grunt_ministairs_2,
          nrook_loot_triangle
D:8:      cheibrodos_steamvent, layout_basic, enter_bailey_2,
          ebering_ghost_gozag

Skill      XL: |  1  2  3  4  5  6  7  8  9 |
---------------+----------------------------+-----
Dodging        | 2 3 4 5 6 |  6.1
Long Blades    | 3 5 6 8 9 |  9.4
Fighting       | 3 4 5 6 |  6.7
Throwing       | |  0.8
Armour         | |  0.8
Spellcasting   | |  1.7
Translocations | |  3.0

Action                     |  1- 3 |  4- 6 |  7- 9 || total
---------------------------+-------+-------+-------++-------
  Melee: Short sword       |    57 |   105 |   228 ||   390
         Falchion          |    60 |   109 |   322 ||   491
         Scimitar          |       |       |    92 ||    92
  Throw: Dart              |       |       |     5 ||     5
 Invoke: Convert to Beogh  |       |       |     1 ||     1
  Evoke: Wand              |       |       |    12 ||    12
    Use: Potion            |       |     4 |     3 ||     7
         Scroll            |       |       |    13 ||    13
 Armour: Leather armour    |     4 |       |       ||     4
         Ring mail         |    40 |    50 |   214 ||   304
  Dodge: Dodged            |    31 |    54 |   196 ||   281

Table legend: (Time is in decaauts)
 A = Elapsed time spent in this place.
 B = Non-inter-level travel time spent in this place.
 C = Inter-level travel time spent in this place.
 D = Time resting spent in this place.
 E = Time spent auto-exploring this place.
 F = Levels seen in this place.
 G = Mean time per level.
                   A        B        C        D        E       F      G
               +--------+--------+--------+--------+--------+-----+--------+
         Total |   7058 |   6879 |    179 |    738 |   5125 |   8 |  882.2 |
       Dungeon |   7058 |   6879 |    179 |    738 |   5125 |   8 |  882.2 |
               +--------+--------+--------+--------+--------+-----+--------+

Top non-repeatable levels by time:
     D:6: 1694 daAuts
     D:4: 1365 daAuts
     D:3: 1164 daAuts
     D:5: 1083 daAuts
     D:2: 818 daAuts
     D:1: 411 daAuts
     D:8: 371 daAuts
     D:7: 149 daAuts
